 Dungeon Crawl Stone Soup version 0.28.0-49-g6dfe1f597d (webtiles) character file.

Game seed: 9331974456579947704

44 pkoi the Gusty (level 3, -1/26 HPs)
             Began as a Demigod Air Elementalist on May 18, 2022.
             Slain by a goblin
             ... wielding a +0 dagger
             ... led by Robin
              (3 damage)
             ... on level 2 of the Dungeon.
             The game lasted 00:01:53 (2123 turns).

pkoi the Gusty (Demigod Air Elementalist)           Turns: 2123, Time: 00:01:54

Health: -1/26      AC:  2    Str:  6 (9)  XL:     3   Next: 22%
Magic:  6/8        EV: 13    Int: 20 (21) God:
Gold:   40         SH:  0    Dex: 11 (14) Spells: 2/5 levels left

rFire   + . .      SeeInvis .   k - +1 morningstar (vorpal)
rCold   . . .      Faith    .   (no shield)
rNeg    . . .      Spirit   .   a - +0 robe
rPois   .          Reflect  .   (no helmet)
rElec   .          Harm     .   (no cloak)
rCorr   .          Rampage  .   (no gloves)
Will    .....                   (no boots)
Stlth   ++........              (no amulet)
HPRegen 0.08/turn               j - +4 ring of evasion
MPRegen 0.11/turn               d - ring of protection from fire

@: constricted
A: high MP 1, forlorn, divine attributes
a: no special abilities


You were on level 2 of the Dungeon.
You visited 1 branch of the dungeon, and saw 2 of its levels.

You collected 40 gold pieces.

Inventory:

Hand Weapons
 c - a +2 dagger of venom
 f - a +0 dagger
 k - a +1 vorpal morningstar (weapon)
Missiles
 h - a throwing net
Armour
 a - a +0 robe (worn)
Jewellery
 d - a ring of protection from fire (right hand)
 j - a +4 ring of evasion (left hand)
Scrolls
 g - a scroll of fog
Potions
 b - 3 potions of attraction
 e - a potion of magic


   Skills:
 - Level 1.7 Dodging
 - Level 1.7 Stealth
 - Level 1.7 Spellcasting
 + Level 1.7 Conjurations
 + Level 3.7 Air Magic


You had 2 spell levels left.
You knew the following spells:

 Your Spells              Type           Power      Damage    Failure   Level
a - Shock                 Conj/Air       48%        1d6       5%          1
b - Static Discharge      Conj/Air       12%        N/A       8%          2

Your spell library contained the following spells:

 Spells                   Type           Power      Damage    Failure   Level
 Swiftness                Air            16%        N/A       11%         3
 Conjure Flame            Conj/Fire      5%         6-21      34%         3
 Airstrike                Air            8%         N/A       34%         4
 Ignite Poison            Fire/Tmut/Pois 1%         N/A       43%         3
 Sticky Flame             Conj/Fire      5%         2d3       75%         4


Dungeon Overview and Level Annotations

Branches:
Dungeon (2/15)

Annotations:
D:2 Robin


Innate Abilities, Weirdness & Mutations

You have an increased reservoir of magic. (+10% MP)
You shall have no god before yourself.
Your divine heritage dramatically boosts your attributes as you level up.


Message History

You hear an angry hiss.
A frilled lizard comes into view.
You hear a shout! x2
The zap misses the frilled lizard.
You hear a shout! x2
The zap hits the frilled lizard.
You kill the frilled lizard!
You can't see any susceptible monsters within range! (Use Z to cast anyway.)
A goblin comes into view. It is wielding a +0 club.
Robin shouts!
The goblin shouts!
You hear a shout!
A ball python comes into view.
Robin roars a battlecry!
The goblins go into a battle-frenzy!
You hear a shout!
The goblin shouts!
You hear a shout!
Robin roars a battlecry!
Found a stone staircase leading down.
A rat comes into view.
Things that are here:
a +2 dagger of venom; 5 stones; a kobold corpse
c - a +2 dagger of venom The goblin hits you with a +0 dagger.
The goblin closely misses you. The goblin closely misses you.
Robin throws the goblin at you!
A goblin comes into view. It is wielding a +0 club.
The goblin hits you with a +0 dagger.
You closely miss the goblin. The goblin hits you with a +0 dagger.
* * * LOW HITPOINT WARNING * * *
The ball python barely misses you. The ball python closely misses you.
The goblin hits you with a +0 dagger.
* * * LOW HITPOINT WARNING * * *
The goblin closely misses you. The goblin misses you.
The goblin barely misses you. The ball python completely misses you.
The ball python grabs you. The ball python constricts you.
The goblin hits you with a +0 dagger.
* * * LOW HITPOINT WARNING * * *
The goblin hits you with a +0 dagger.
* * * LOW HITPOINT WARNING * * *
The goblin hits you with a +0 dagger.
You die...

................... ..>
..##...#..........#..#
#.##...#.#...#....#..#
#.##...#.............#
#..#.........#.(.#...##
##.#..##.#.............
#.#.....#...#...#.#.#.
#...## #.r #.Sg#.#.#.#
##..# #. #.g@gg.†).#
#..# #..##.gg#g....#
#..# #..##.#.#.g...#
##.## #..##.### #.#..
#..# #..##. .... #..##
#..##### #.. #...#
#...... . #.#.####..#
#.#.g.gg.g#######g


You could see Robin, a hobgoblin (strong), 6 goblins and a ball python.

Vanquished Creatures
  An adder (D:2)
  2 ball pythons
  2 giant cockroaches
  7 goblins
  5 hobgoblins
  2 quokkas
  4 bats
  4 frilled lizards
  2 kobolds (D:2)
  A rat (D:1)
30 creatures vanquished.

Notes
Turn   | Place    | Note
-------+----------+-------------------------------------------
     0 | D:1      | pkoi the Demigod Air Elementalist began the quest for the
                  | Orb.
     0 | D:1      | Reached XP level 1. HP: 14/14 MP: 5/5
   343 | D:1      | Reached skill level 3 in Air Magic
   734 | D:1      | Reached XP level 2. HP: 20/20 MP: 5/7
  1118 | D:1      | Learned a level 2 spell: Static Discharge
  1130 | D:1      | Reached skill level 1 in Conjurations
  1676 | D:2      | Noticed Robin
  1706 | D:2      | Reached XP level 3. HP: 4/26 MP: 0/8
  2123 | D:2      | Slain by a goblin

Illustrated notes

Levels and vault maps discovered:
D:1:      minmay_arrival_solitary_statue, layout_basic
D:2:      layout_basic, hellmonk_ecumenical_altar_crossroads,
          kennysheep_jessica_study, uniq_robin

Skill      XL: |  1  2 |
---------------+-------+-----
Air Magic      | 3 |  3.7
Conjurations   | 1 |  1.7
Dodging        | |  1.7
Stealth        | |  1.7
Spellcasting   | |  1.7

Action                   || total
-------------------------++-------
Melee: Morningstar       ||     3
       Dagger            ||     1
 Cast: Shock             ||    61
  Use: Scroll            ||     3
       Potion            ||     4
Armor: Robe              ||     2
Dodge: Dodged            ||    34
